 Dungeon Crawl Stone Soup version 0.29.0-4-gdea44cf6ec (webtiles) character file.

Game seed: 7460451101834819417

47 qw the Ruffian (level 3, 0/28 HPs)
             Began as a Ghoul Fire Elementalist on Aug 30, 2022.
             Slain by a goblin
             ... wielding a +0 club
             ... led by Robin
              (2 damage)
             ... on level 2 of the Dungeon.
             The game lasted 00:01:27 (1664 turns).

qw the Ruffian (Ghoul Fire Elementalist)            Turns: 1664, Time: 00:01:27

Health: 0/28       AC:  3    Str: 13    XL:     3   Next: 70%
Magic:  4/4        EV: 11    Int: 10    God:
Gold:   112        SH:  0    Dex:  9    Spells: 4/5 levels left

rFire   . . .      SeeInvis .     - Unarmed
rCold   + . .      Faith    .   (no shield)
rNeg    + + +      Spirit   .   d - +0 leather armour
rPois   inf        Reflect  .   (no helmet)
rElec   .          Harm     .   (no cloak)
rCorr   .          Rampage  .   (no gloves)
Will    .....                   (no boots)
Stlth   +.........              (no amulet)
HPRegen 0.00/turn               (no ring)
MPRegen 0.09/turn               (no ring)

@: about to teleport, inhibited regen
A: claws 1, cold resistance 1, negative energy resistance 3, inhibited
regeneration, torment resistance 2, devour on kill
a: no special abilities


You were on level 2 of the Dungeon.
You visited 1 branch of the dungeon, and saw 2 of its levels.

You collected 112 gold pieces.


Innate Abilities, Weirdness & Mutations

You are immune to poison.
You have sharp fingernails.
Your flesh is cold resistant. (rC+)
You are immune to negative energy. (rN+++)
You do not regenerate when monsters are visible.
You are immune to unholy pain and torment.
You thrive by killing the living.


   Skills:
 - Level 1.0 Fighting
 - Level 1.7 Dodging
 - Level 2.1 Stealth
 + Level 3.2 Unarmed Combat
 - Level 1.7 Spellcasting
 - Level 0.7 Conjurations
 - Level 2.4 Fire Magic


You had 4 spell levels left.
You knew the following spells:

 Your Spells              Type           Power      Damage    Failure   Level
a - Foxfire               Conj/Fire      16%        2x1d4     22%         1

Your spell library contained the following spells:

 Spells                   Type           Power      Damage    Failure   Level
 Scorch                   Fire           10%        2d6       22%         2
 Conjure Flame            Conj/Fire      4%         6-21      54%         3
 Inner Flame              Hex/Fire       3%         N/A       58%         3
 Flame Wave               Conj/Fire      4%         2d5       91%         4

Inventory:

Armour
 d - a +0 leather armour (worn)
Scrolls
 f - 3 scrolls of identify
 Y - a scroll of teleportation
Potions
 a - a potion of attraction {unknown}

Dungeon Overview and Level Annotations

Branches:
Dungeon (2/15)

Altars:

Annotations:
D:2 Robin, Terence


Message History

You barely miss the goblin. The goblin misses you.
The goblin barely misses you.
You scratch the goblin.
The goblin is moderately wounded.
The goblin closely misses you. The goblin misses you.
You closely miss the goblin.
The goblin is moderately wounded.
The goblin hits you but does no damage. The goblin closely misses you.
You barely miss the goblin.
The goblin is moderately wounded.
The goblin no longer looks unusually strong. x2
The goblin barely misses you. The goblin hits you but does no damage.
Robin roars a battlecry!
The goblins go into a battle-frenzy!
You scratch the goblin.
The goblin is almost dead.
The goblin no longer looks unusually strong.
The goblin hits you with a +0 club. x2
You closely miss the goblin.
The goblin is almost dead.
Terence the Incautious comes into view.
He is wielding a +0 short sword.
The goblin barely misses you. The goblin hits you with a +0 club.
1661 ||| READING 2 scrolls of teleportation.
As you read the scroll of teleportation, it crumbles to dust.
You feel strangely unstable. The goblin closely misses you.
The goblin hits you with a +0 club.
You barely miss the goblin. You claw the goblin.
You kill the goblin!
You feel better. The goblin hits you but does no damage.
Robin roars a battlecry!
The goblin goes into a battle-frenzy!
You barely miss the goblin. The goblin closely misses you.
Robin says, "Kneel, worm!"
Robin throws the goblin at you!
You claw the goblin!
You kill the goblin!
The goblin hits you with a +0 club.
You die...

########################
...............)@gSSgl..
.......#############Jg..
.......### . >..........
..######### ..# ..# %##
...


You could see Robin, an adder, an endoplasm, 2 goblins, a ball python and a
frilled lizard.

Vanquished Creatures
  An adder (D:2)
  2 ball pythons (D:1)
  3 endoplasms
  2 giant cockroaches (D:1)
  7 goblins
  4 hobgoblins
  3 kobolds
  3 quokkas
  4 bats
  2 frilled lizards (D:1)
  5 rats (D:1)
36 creatures vanquished.

Notes
Turn   | Place    | Note
-------+----------+-------------------------------------------
     0 | D:1      | qw the Ghoul Fire Elementalist began the quest for the Orb.
     0 | D:1      | Reached XP level 1. HP: 14/14 MP: 2/2
     0 | D:1      | 0 ||| qw: Version: 0.1-a-90-g952f4b7
     0 | D:1      | 0 ||| qw: Game counter: 4269
     0 | D:1      | 0 ||| qw: Always use a shield: true
     0 | D:1      | 0 ||| qw: God list: Okawaru
     0 | D:1      | 0 ||| qw: Allow faded altars: false
     0 | D:1      | 0 ||| qw: Do Orc after D:15 true
     0 | D:1      | 0 ||| qw: Do second Lair branch before Depths: true
     0 | D:1      | 0 ||| qw: Lair rune preference: random
     0 | D:1      | 0 ||| qw: Plans: Normal
     0 | D:1      | 0 ||| PLANNING D:1-11
   107 | D:1      | Reached skill level 1 in Unarmed Combat
   224 | D:1      | 224 ||| Stepping ~*~*~tactically~*~*~ (stealth).
   227 | D:1      | 227 ||| Stepping ~*~*~tactically~*~*~ (stealth).
   237 | D:1      | HP: 3/14 [kobold/+0 dagger (3)]
   243 | D:1      | HP: 3/15 [giant cockroach (2)]
   247 | D:1      | Reached skill level 1 in Fighting
   247 | D:1      | Reached XP level 2. HP: 4/23 MP: 3/3
   789 | D:1      | HP: 5/23 [quokka (3)]
   998 | D:1      | 998 ||| Stepping ~*~*~tactically~*~*~ (outnumbered).
   999 | D:1      | 999 ||| Stepping ~*~*~tactically~*~*~ (outnumbered).
  1000 | D:1      | 1000 ||| Stepping ~*~*~tactically~*~*~ (outnumbered).
  1001 | D:1      | 1001 ||| Stepping ~*~*~tactically~*~*~ (outnumbered).
  1002 | D:1      | 1002 ||| Stepping ~*~*~tactically~*~*~ (outnumbered).
  1003 | D:1      | 1003 ||| Stepping ~*~*~tactically~*~*~ (outnumbered).
  1004 | D:1      | 1004 ||| Stepping ~*~*~tactically~*~*~ (outnumbered).
  1005 | D:1      | 1005 ||| Stepping ~*~*~tactically~*~*~ (outnumbered).
  1008 | D:1      | Reached skill level 2 in Unarmed Combat
  1193 | D:1      | 1193 ||| UPGRADING to +0 leather armour.
  1203 | D:1      | 1203 ||| DROPPING +0 robe.
  1204 | D:1      | 1204 ||| READING 4 scrolls labelled NUREIH KOFFAB.
  1205 | D:1      | 1205 ||| READING 3 scrolls labelled AJEIHURCHEL.
  1210 | D:1      | 1210 ||| READING 3 scrolls of identify.
  1210 | D:1      | 1210 ||| IDENTIFYING fuming orange potion
  1211 | D:1      | 1211 ||| DROPPING potion of magic.
  1212 | D:1      | 1212 ||| DROPPING potion of flight.
  1235 | D:2      | 1235 ||| STAIRDANCE
  1240 | D:2      | 1240 ||| STAIRDANCE
  1248 | D:2      | 1248 ||| STAIRDANCE
  1304 | D:2      | Reached XP level 3. HP: 18/28 MP: 4/4
  1306 | D:2      | 1306 ||| FLEEEEING.
  1307 | D:2      | 1307 ||| STAIRDANCE
  1461 | D:2      | 1461 ||| Stepping ~*~*~tactically~*~*~ (outnumbered).
  1612 | D:2      | Reached skill level 3 in Unarmed Combat
  1639 | D:2      | Noticed Robin
  1660 | D:2      | Noticed Terence
  1660 | D:2      | HP: 7/28 [goblin/+0 club[Robin] (4)]
  1661 | D:2      | 1661 ||| READING 2 scrolls of teleportation.
  1661 | D:2      | HP: 2/28 [goblin/+0 club[Robin] (5)]
  1664 | D:2      | Slain by a goblin

Levels and vault maps discovered:
D:1:      dpeg_arrival_orchard, layout_basic
D:2:      layout_basic, uniq_robin, uniq_terence

Skill      XL: |  1  2  3 |
---------------+----------+-----
Unarmed Combat | 1 2 3 |  3.2
Fighting       | 1 |  1.0
Dodging        | |  1.7
Stealth        | |  2.1
Spellcasting   | |  1.7
Conjurations   | |  0.7
Fire Magic     | |  2.4

Action                   || total
-------------------------++-------
Melee: Unarmed           ||   143
       Punch             ||     3
  Use: Scroll            ||     4
 Stab: Sleeping          ||     1
Armor: Robe              ||    21
       Leather armour    ||    22
Dodge: Dodged            ||    93

Table legend:
 A = Non-vault XP
 B = Vault XP
 C = Vault XP percentage of total XP
 D = Non-vault monster count
 E = Vault monster count
 F = Vault count percentage of total count
                 A         B        C        D         E       F
            +---------+---------+-------+---------+---------+-------
      Total |      55 |      15 |  21.4 |      28 |       8 |  22.2
            +---------+---------+-------+---------+---------+-------
        D:1 |      31 |       0 |   0.0 |      21 |       0 |   0.0
        D:2 |      24 |      15 |  38.5 |       7 |       8 |  53.3
            +---------+---------+-------+---------+---------+-------
